2787 views
Uploaded 2020-02-24 17:44:27
Game version 1.32.2
23:06 long 3on3 ladder game on (6)UpperKingdom
Saved by iggythefisk
2787 views
Uploaded 2020-02-24 17:44:27
Game version 1.32.2
23:06 long 3on3 ladder game on (6)UpperKingdom


150 units @ 23.5k
/ 4.3k
46 buildings @ 7k
/ 2.6k

| Potion of Healing | 1 | 150 |
| Scroll of Town Portal | 1 | 350 |
| Staff of Sanctuary | 1 | 250 |
| total: | 3 | 750g |
| Wisp | 20 | 1200 | / | 0 |
| Archer | 25 | 3250 | / | 250 |
| Dryad | 7 | 1015 | / | 420 |
| Druid of the Claw | 12 | 3060 | / | 960 |
| Mountain Giant | 2 | 700 | / | 200 |
| total: | 66 | 9225g | / | 1830w |
| Altar of Elders | 1 | 180 | / | 50 |
| Moon Well | 5 | 900 | / | 200 |
| Ancient of War | 1 | 150 | / | 60 |
| Hunter's Hall | 1 | 210 | / | 100 |
| Tree of Life | 2 | 680 | / | 370 |
| Ancient of Wonders | 1 | 90 | / | 30 |
| Ancient of Lore | 2 | 310 | / | 290 |
| Tree of Ages | 1 | 320 | / | 180 |
| Tree of Eternity | 1 | 330 | / | 200 |
| total: | 13 | 2520g | / | 1100w |
| 0:01 | Wisp |
| 0:03 | Altar of Elders |
| 0:05 | Wisp |
| 0:16 | Moon Well |
| 0:24 | Wisp |
| 0:30 | Ancient of War |
| 0:39 | Wisp |
| 0:49 | Wisp |
| 1:12 | Wisp |
| 1:14 | Wisp |
| 1:26 | Moon Well |
| 1:28 | Wisp |
| 1:42 | Archer |
| 1:44 | Wisp |
| 2:05 | Force of Nature |
| 2:17 | Archer |
| 2:25 | Archer |
| 2:42 | Archer |
| 2:47 | Tree of Ages |
| 3:02 | Archer |
| 3:11 | Moon Well |
| 3:58 | Archer |
| 4:11 | Archer |
| 4:38 | Archer |
| 4:52 | Hunter's Hall |
| 4:57 | Archer |
| 5:13 | Archer |
| 5:27 | Nature's Blessing |
| 5:30 | Entangling Roots |
| 5:44 | Archer |
| 6:21 | Tree of Eternity |
| 6:24 | Ancient of Lore |
| 6:32 | Entangling Roots |
| 6:55 | Archer |
| 7:11 | Improved Bows |
| 7:36 | Dryad |
| 7:38 | Ancient of Lore |
| 8:25 | Moon Well |
| 8:37 | Abolish Magic |
| 8:49 | Force of Nature |
| 8:57 | Dryad |
| 9:02 | Wisp |
| 9:02 | Wisp |
| 9:02 | Wisp |
| 9:02 | Wisp |
| 9:45 | Druid of the Claw Adept Training |
| 9:45 | Druid of the Claw |
| 10:25 | Druid of the Claw Master Training |
| 10:26 | Dryad |
| 10:28 | Wisp |
| 10:28 | Wisp |
| 11:12 | Force of Nature |
| 11:20 | Dryad |
| 11:21 | Druid of the Claw |
| 11:53 | Tree of Life |
| 11:59 | Druid of the Claw |
| 12:55 | Dryad |
| 12:55 | Dryad |
| 13:16 | Druid of the Claw |
| 13:42 | Entangling Roots |
| 13:44 | Druid of the Claw |
| 14:31 | Strength of the Wild |
| 14:31 | Reinforced Hides |
| 14:35 | Mark of the Claw |
| 14:38 | Druid of the Claw |
| 14:42 | Moon Well |
| 14:51 | Marksmanship |
| 15:43 | Wisp |
| 15:43 | Wisp |
| 15:43 | Wisp |
| 15:44 | Wisp |
| 16:40 | Improved Strength of the Wild |
| 16:41 | Improved Reinforced Hides |
| 16:51 | Staff of Sanctuary |
| 16:52 | Potion of Healing |
| 16:52 | Scroll of Town Portal |
| 16:58 | Druid of the Claw |
| 17:05 | Ancient of Wonders |
| 17:08 | Wisp |
| 17:11 | Archer |
| 17:12 | Druid of the Claw |
| 18:00 | Archer |
| 18:12 | Archer |
| 18:14 | Druid of the Claw |
| 18:32 | Dryad |
| 18:34 | Archer |
| 19:16 | Hardened Skin |
| 19:17 | Resistant Skin |
| 19:17 | Mountain Giant |
| 20:00 | Druid of the Claw |
| 20:02 | Tranquility |
| 20:39 | Archer |
| 20:39 | Archer |
| 20:39 | Archer |
| 21:59 | Mountain Giant |
| 22:01 | Archer |
| 22:01 | Archer |
| 22:02 | Archer |
| 22:22 | Archer |
| 22:23 | Druid of the Claw |
| 22:38 | Tree of Life |
| 22:42 | Archer |
| 22:43 | Druid of the Claw |
| 22:56 | Thorns Aura |
| 23:00 | Archer |
| Right click | 1514 |
| Select group | 504 |
| Select | 501 |
| Assign group | 398 |
| Build/train/purchase | 143 |
| Chat | 116 |
| Misc. action | 73 |
| Use ability | 61 |
| Remove unit | 5 |
| Item give/drop | 1 |
| Minimap ping | 1 |


| Rod of Necromancy | 1 | 150 |
| Potion of Healing | 2 | 300 |
| Potion of Mana | 2 | 400 |
| Orb of Corruption | 1 | 375 |
| Scroll of Healing | 1 | 250 |
| Scroll of Town Portal | 1 | 350 |
| total: | 8 | 1825g |
| Acolyte | 3 | 225 | / | 0 |
| Ghoul | 2 | 240 | / | 0 |
| Crypt Fiend | 5 | 1075 | / | 200 |
| Obsidian Statue | 4 | 800 | / | 140 |
| Abomination | 9 | 2160 | / | 630 |
| Banshee | 15 | 2325 | / | 450 |
| Blue Dragonspawn Meddler | 1 | 145 | / | 0 |
| total: | 39 | 6970g | / | 1420w |
| Altar of Darkness | 1 | 180 | / | 50 |
| Ziggurat | 8 | 1200 | / | 400 |
| Crypt | 1 | 200 | / | 50 |
| Tomb of Relics | 1 | 130 | / | 30 |
| Graveyard | 1 | 215 | / | 0 |
| Slaughterhouse | 1 | 140 | / | 135 |
| Temple of the Damned | 1 | 155 | / | 140 |
| Halls of the Dead | 1 | 320 | / | 210 |
| Black Citadel | 1 | 325 | / | 230 |
| total: | 14 | 2220g | / | 805w |
| 0:02 | Acolyte |
| 0:03 | Acolyte |
| 0:08 | Altar of Darkness |
| 0:12 | Ziggurat |
| 0:36 | Crypt |
| 0:42 | Acolyte |
| 1:01 | Tomb of Relics |
| 1:44 | Graveyard |
| 1:45 | Ghoul |
| 1:45 | Ghoul |
| 2:17 | Death Coil |
| 2:20 | Rod of Necromancy |
| 2:48 | Halls of the Dead |
| 3:10 | Crypt Fiend |
| 3:33 | Ziggurat |
| 3:37 | Ziggurat |
| 3:39 | Ziggurat |
| 4:32 | Crypt Fiend |
| 5:23 | Slaughterhouse |
| 6:10 | Crypt Fiend |
| 6:10 | Crypt Fiend |
| 6:20 | Potion of Healing |
| 6:20 | Potion of Mana |
| 6:41 | Obsidian Statue |
| 7:11 | Black Citadel |
| 7:15 | Frost Nova |
| 7:42 | Crypt Fiend |
| 8:04 | Blue Dragonspawn Meddler |
| 8:10 | Unholy Aura |
| 8:24 | Obsidian Statue |
| 8:24 | Obsidian Statue |
| 10:30 | Disease Cloud |
| 10:31 | Abomination |
| 10:31 | Abomination |
| 10:34 | Ziggurat |
| 10:37 | Ziggurat |
| 10:39 | Ziggurat |
| 10:45 | Temple of the Damned |
| 10:51 | Frost Armor |
| 11:47 | Death Coil |
| 11:54 | Banshee Adept Training |
| 11:54 | Banshee |
| 11:54 | Banshee |
| 12:05 | Banshee |
| 13:21 | Banshee Master Training |
| 13:22 | Banshee |
| 13:23 | Abomination |
| 13:23 | Abomination |
| 13:23 | Abomination |
| 13:41 | Frost Nova |
| 14:34 | Banshee |
| 14:35 | Banshee |
| 14:39 | Orb of Corruption |
| 14:40 | Scroll of Healing |
| 14:44 | Potion of Healing |
| 14:50 | Potion of Mana |
| 15:21 | Obsidian Statue |
| 15:43 | Banshee |
| 15:48 | Ziggurat |
| 16:54 | Banshee |
| 16:54 | Banshee |
| 16:54 | Banshee |
| 16:54 | Banshee |
| 17:32 | Scroll of Town Portal |
| 18:36 | Abomination |
| 18:36 | Abomination |
| 19:32 | Unholy Aura |
| 19:54 | Frost Armor |
| 20:22 | Death Coil |
| 21:32 | Frost Nova |
| 22:44 | Abomination |
| 22:44 | Abomination |
| 22:46 | Banshee |
| 22:46 | Banshee |
| 22:46 | Banshee |
| 22:46 | Banshee |
| Right click | 1048 |
| Select group | 393 |
| Select | 296 |
| Build/train/purchase | 99 |
| Misc. action | 57 |
| Use ability | 46 |
| Assign group | 45 |
| Minimap ping | 10 |
| Esc | 3 |
| Item give/drop | 1 |

| Scroll of Regeneration | 1 | 100 |
| Lesser Clarity Potion | 5 | 350 |
| Potion of Mana | 1 | 200 |
| total: | 7 | 650g |
| Peasant | 10 | 750 | / | 0 |
| Footman | 18 | 2430 | / | 0 |
| Knight | 17 | 4165 | / | 1020 |
| total: | 45 | 7345g | / | 1020w |
| Scout Tower | 2 | 60 | / | 40 |
| Guard Tower | 1 | 70 | / | 50 |
| Altar of Kings | 2 | 360 | / | 100 |
| Farm | 9 | 720 | / | 180 |
| Barracks | 2 | 320 | / | 120 |
| Lumber Mill | 1 | 120 | / | 0 |
| Blacksmith | 1 | 140 | / | 60 |
| Arcane Vault | 1 | 130 | / | 30 |
| Town Hall | 1 | 385 | / | 205 |
| Keep | 1 | 320 | / | 210 |
| Castle | 1 | 360 | / | 210 |
| total: | 19 | 2235g | / | 735w |
| 0:07 | Altar of Kings |
| 0:07 | Farm |
| 0:09 | Altar of Kings |
| 0:10 | Peasant |
| 0:20 | Peasant |
| 0:26 | Barracks |
| 0:27 | Peasant |
| 0:43 | Farm |
| 0:52 | Peasant |
| 1:01 | Peasant |
| 1:21 | Peasant |
| 1:27 | Footman |
| 1:29 | Peasant |
| 1:56 | Peasant |
| 1:57 | Footman |
| 2:04 | Farm |
| 2:12 | Storm Bolt |
| 2:20 | Footman |
| 2:58 | Lumber Mill |
| 3:04 | Blacksmith |
| 3:18 | Footman |
| 3:23 | Farm |
| 3:30 | Footman |
| 3:55 | Footman |
| 4:12 | Thunder Clap |
| 4:19 | Keep |
| 4:22 | Footman |
| 4:27 | Iron Forged Swords |
| 4:52 | Footman |
| 5:29 | Footman |
| 5:32 | Barracks |
| 5:46 | Footman |
| 5:51 | Arcane Vault |
| 6:44 | Footman |
| 6:45 | Footman |
| 7:04 | Steel Forged Swords |
| 7:06 | Footman |
| 7:09 | Footman |
| 7:32 | Farm |
| 7:51 | Scroll of Regeneration |
| 7:52 | Lesser Clarity Potion |
| 7:52 | Lesser Clarity Potion |
| 8:16 | Footman |
| 8:52 | Footman |
| 9:12 | Castle |
| 10:00 | Footman |
| 10:32 | Iron Plating |
| 10:35 | Footman |
| 11:38 | Bash |
| 11:45 | Sundering Blades |
| 11:46 | Animal War Training |
| 11:49 | Mithril Forged Swords |
| 12:00 | Knight |
| 12:00 | Knight |
| 12:38 | Farm |
| 12:39 | Farm |
| 13:13 | Knight |
| 13:18 | Knight |
| 13:52 | Knight |
| 13:53 | Knight |
| 14:28 | Knight |
| 14:32 | Steel Plating |
| 14:48 | Lesser Clarity Potion |
| 14:48 | Lesser Clarity Potion |
| 15:12 | Knight |
| 15:36 | Storm Bolt |
| 15:54 | Knight |
| 16:26 | Town Hall |
| 16:46 | Lesser Clarity Potion |
| 16:47 | Potion of Mana |
| 17:28 | Scout Tower |
| 17:55 | Farm |
| 17:56 | Farm |
| 18:17 | Mithril Plating |
| 18:19 | Improved Lumber Harvesting |
| 18:24 | Peasant |
| 18:25 | Peasant |
| 19:44 | Storm Bolt |
| 19:50 | Knight |
| 19:50 | Knight |
| 19:59 | Guard Tower |
| 20:03 | Scout Tower |
| 20:22 | Knight |
| 20:23 | Knight |
| 20:52 | Knight |
| 20:59 | Improved Masonry |
| 21:39 | Knight |
| 21:58 | Knight |
| 22:35 | Knight |
| 22:50 | Bash |
| Right click | 423 |
| Select | 276 |
| Select group | 154 |
| Build/train/purchase | 93 |
| Misc. action | 70 |
| Assign group | 28 |
| Use ability | 23 |
| Resource trade | 10 |
| Minimap ping | 5 |
139 units @ 20.8k
/ 2.5k
56 buildings @ 8.4k
/ 3.4k

| Healing Salve | 2 | 200 |
| Lesser Clarity Potion | 1 | 70 |
| Potion of Healing | 1 | 150 |
| Scroll of Town Portal | 1 | 350 |
| total: | 5 | 770g |
| Peon | 12 | 900 | / | 0 |
| Grunt | 6 | 1200 | / | 0 |
| Troll Headhunter | 7 | 980 | / | 140 |
| Troll Berserker | 9 | 1260 | / | 180 |
| Troll Witch Doctor | 5 | 725 | / | 125 |
| Tauren | 1 | 280 | / | 80 |
| total: | 40 | 5345g | / | 525w |
| Altar of Storms | 1 | 180 | / | 50 |
| Orc Burrow | 7 | 1120 | / | 280 |
| Barracks | 4 | 720 | / | 200 |
| Voodoo Lounge | 1 | 130 | / | 30 |
| War Mill | 1 | 205 | / | 0 |
| Great Hall | 1 | 385 | / | 185 |
| Spirit Lodge | 1 | 150 | / | 150 |
| Tauren Totem | 1 | 135 | / | 155 |
| Stronghold | 1 | 315 | / | 190 |
| Fortress | 1 | 325 | / | 190 |
| total: | 17 | 3025g | / | 1050w |
| 0:05 | Peon |
| 0:05 | Peon |
| 0:06 | Peon |
| 0:21 | Altar of Storms |
| 0:36 | Orc Burrow |
| 0:42 | Peon |
| 0:42 | Peon |
| 0:42 | Peon |
| 0:43 | Peon |
| 1:41 | Barracks |
| 1:43 | Barracks |
| 1:57 | Orc Burrow |
| 2:16 | Orc Burrow |
| 2:28 | Endurance Aura |
| 2:36 | Voodoo Lounge |
| 2:59 | Grunt |
| 3:09 | Grunt |
| 3:30 | Grunt |
| 3:44 | Grunt |
| 4:04 | Grunt |
| 4:16 | Peon |
| 4:40 | Stronghold |
| 5:07 | War Stomp |
| 5:09 | Grunt |
| 5:47 | War Mill |
| 5:52 | Orc Burrow |
| 5:52 | Orc Burrow |
| 6:33 | Endurance Aura |
| 6:58 | Healing Salve |
| 6:59 | Lesser Clarity Potion |
| 7:00 | Healing Salve |
| 7:02 | Troll Headhunter |
| 7:07 | Fortress |
| 7:30 | Troll Regeneration |
| 7:30 | Troll Headhunter |
| 7:37 | Steel Ranged Weapons |
| 7:56 | Troll Headhunter |
| 8:56 | Troll Headhunter |
| 9:07 | Troll Headhunter |
| 9:34 | Berserker Upgrade |
| 9:35 | Troll Headhunter |
| 9:38 | Thorium Ranged Weapons |
| 10:12 | Troll Headhunter |
| 10:22 | Orc Burrow |
| 10:30 | Spirit Lodge |
| 10:53 | Scroll of Town Portal |
| 11:16 | War Stomp |
| 11:21 | Troll Berserker |
| 11:32 | Arcanite Ranged Weapons |
| 12:12 | Witch Doctor Adept Training |
| 12:26 | Potion of Healing |
| 13:48 | Barracks |
| 13:55 | Barracks |
| 13:59 | Tauren Totem |
| 14:35 | Witch Doctor Master Training |
| 14:36 | Shaman Adept Training |
| 14:39 | Troll Witch Doctor |
| 14:39 | Troll Witch Doctor |
| 14:39 | Troll Witch Doctor |
| 14:46 | Troll Berserker |
| 14:46 | Troll Berserker |
| 15:07 | Troll Berserker |
| 15:40 | Troll Berserker |
| 15:43 | Troll Witch Doctor |
| 15:49 | Shaman Master Training |
| 16:29 | Troll Berserker |
| 16:33 | Peon |
| 17:29 | Great Hall |
| 17:41 | Orc Burrow |
| 19:40 | Troll Berserker |
| 19:42 | Troll Berserker |
| 19:46 | Troll Witch Doctor |
| 20:09 | Tauren |
| 20:16 | Peon |
| 20:16 | Peon |
| 20:23 | Peon |
| 20:39 | Troll Berserker |
| Right click | 618 |
| Select | 218 |
| Select group | 184 |
| Build/train/purchase | 92 |
| Chat | 80 |
| Misc. action | 36 |
| Assign group | 34 |
| Minimap ping | 22 |
| Use ability | 17 |
| Remove unit | 2 |
| Item give/drop | 1 |


| Healing Salve | 1 | 100 |
| Potion of Healing | 4 | 600 |
| Potion of Mana | 2 | 400 |
| Orb of Lightning | 1 | 375 |
| Scroll of Town Portal | 1 | 350 |
| total: | 9 | 1825g |
| Peon | 12 | 900 | / | 0 |
| Troll Headhunter | 16 | 2240 | / | 320 |
| Troll Berserker | 10 | 1400 | / | 200 |
| Wind Rider | 17 | 4505 | / | 680 |
| total: | 55 | 9045g | / | 1200w |
| Watch Tower | 4 | 440 | / | 320 |
| Altar of Storms | 1 | 180 | / | 50 |
| Orc Burrow | 7 | 1120 | / | 280 |
| Barracks | 1 | 180 | / | 50 |
| War Mill | 1 | 205 | / | 0 |
| Voodoo Lounge | 1 | 130 | / | 30 |
| Great Hall | 1 | 385 | / | 185 |
| Beastiary | 1 | 145 | / | 140 |
| Stronghold | 1 | 315 | / | 190 |
| Fortress | 1 | 325 | / | 190 |
| total: | 17 | 2785g | / | 1055w |
| 0:08 | Altar of Storms |
| 0:10 | Orc Burrow |
| 0:14 | Peon |
| 0:14 | Peon |
| 0:41 | Barracks |
| 0:52 | Peon |
| 1:09 | Peon |
| 1:16 | Peon |
| 1:16 | Peon |
| 1:30 | Peon |
| 1:45 | War Mill |
| 2:13 | Wind Walk |
| 2:21 | Orc Burrow |
| 2:46 | Orc Burrow |
| 2:52 | Voodoo Lounge |
| 3:07 | Troll Headhunter |
| 3:07 | Troll Headhunter |
| 3:10 | Watch Tower |
| 3:38 | Troll Headhunter |
| 3:38 | Troll Headhunter |
| 3:53 | Stronghold |
| 3:54 | Troll Headhunter |
| 4:17 | Troll Headhunter |
| 4:38 | Orc Burrow |
| 4:55 | Troll Headhunter |
| 4:55 | Troll Headhunter |
| 5:15 | Orc Burrow |
| 5:18 | Steel Ranged Weapons |
| 5:38 | Critical Strike |
| 5:41 | Troll Headhunter |
| 6:33 | Orc Burrow |
| 7:07 | Troll Regeneration |
| 7:07 | Troll Headhunter |
| 7:21 | Endurance Aura |
| 7:23 | Troll Headhunter |
| 7:40 | Thorium Ranged Weapons |
| 7:40 | Steel Armor |
| 8:06 | Healing Salve |
| 8:07 | Potion of Healing |
| 8:08 | Potion of Healing |
| 8:22 | Troll Headhunter |
| 9:20 | Fortress |
| 9:22 | Troll Headhunter |
| 9:22 | Troll Headhunter |
| 10:32 | Scroll of Town Portal |
| 10:33 | Potion of Healing |
| 10:36 | Potion of Healing |
| 11:03 | Mirror Image |
| 11:09 | Great Hall |
| 11:17 | War Stomp |
| 11:29 | Orc Burrow |
| 11:44 | Thorium Armor |
| 12:21 | Berserker Upgrade |
| 12:21 | Troll Headhunter |
| 12:21 | Troll Headhunter |
| 13:21 | Troll Berserker |
| 13:21 | Troll Berserker |
| 13:37 | Beastiary |
| 13:39 | Wind Walk |
| 13:42 | Peon |
| 13:42 | Peon |
| 13:43 | Peon |
| 13:49 | Peon |
| 14:24 | Troll Berserker |
| 14:41 | Arcanite Ranged Weapons |
| 14:45 | Watch Tower |
| 14:45 | Watch Tower |
| 14:47 | Watch Tower |
| 15:01 | Peon |
| 15:12 | Wind Rider |
| 15:12 | Wind Rider |
| 15:39 | Envenomed Spears |
| 15:40 | Wind Rider |
| 15:44 | Troll Berserker |
| 15:51 | Troll Berserker |
| 16:01 | Wind Rider |
| 16:01 | Wind Rider |
| 16:43 | Potion of Mana |
| 16:43 | Potion of Mana |
| 16:56 | Orb of Lightning |
| 17:09 | Wind Rider |
| 17:09 | Wind Rider |
| 17:17 | Troll Berserker |
| 17:38 | Wind Rider |
| 18:10 | Troll Berserker |
| 18:11 | Wind Rider |
| 18:28 | Wind Rider |
| 18:41 | Endurance Aura |
| 18:57 | Wind Rider |
| 19:33 | Wind Rider |
| 19:34 | Wind Rider |
| 19:50 | Critical Strike |
| 19:58 | Wind Rider |
| 20:27 | Troll Berserker |
| 20:27 | Troll Berserker |
| 20:51 | Wind Rider |
| 20:51 | Wind Rider |
| 20:55 | Troll Berserker |
| 21:37 | War Stomp |
| 22:03 | Wind Rider |
| 22:31 | Arcanite Armor |
| Right click | 1035 |
| Select group | 606 |
| Select | 330 |
| Build/train/purchase | 132 |
| Assign group | 48 |
| Use ability | 12 |
| Minimap ping | 9 |
| Remove unit | 6 |
| Item give/drop | 1 |


| Peasant | 13 | 975 | / | 0 |
| Footman | 2 | 270 | / | 0 |
| Rifleman | 15 | 3075 | / | 450 |
| Priest | 11 | 1485 | / | 110 |
| Mortar Team | 2 | 360 | / | 140 |
| Gryphon Rider | 1 | 280 | / | 70 |
| total: | 44 | 6445g | / | 770w |
| Scout Tower | 2 | 60 | / | 40 |
| Guard Tower | 1 | 70 | / | 50 |
| Altar of Kings | 1 | 180 | / | 50 |
| Farm | 10 | 800 | / | 200 |
| Barracks | 2 | 320 | / | 120 |
| Lumber Mill | 1 | 120 | / | 0 |
| Blacksmith | 1 | 140 | / | 60 |
| Town Hall | 1 | 385 | / | 205 |
| Cannon Tower | 1 | 120 | / | 100 |
| Arcane Sanctum | 1 | 150 | / | 140 |
| Workshop | 1 | 140 | / | 140 |
| Gryphon Aviary | 2 | 280 | / | 300 |
| Keep | 1 | 320 | / | 210 |
| Castle | 1 | 360 | / | 210 |
| total: | 22 | 2575g | / | 1255w |
| 0:05 | Peasant |
| 0:05 | Peasant |
| 0:05 | Peasant |
| 0:06 | Peasant |
| 0:23 | Altar of Kings |
| 0:39 | Farm |
| 0:52 | Barracks |
| 1:08 | Peasant |
| 1:09 | Peasant |
| 1:19 | Farm |
| 1:24 | Peasant |
| 1:32 | Lumber Mill |
| 1:40 | Peasant |
| 2:01 | Blacksmith |
| 2:05 | Footman |
| 2:13 | Farm |
| 2:27 | Storm Bolt |
| 2:40 | Footman |
| 3:03 | Farm |
| 3:25 | Rifleman |
| 3:25 | Rifleman |
| 3:29 | Keep |
| 3:44 | Farm |
| 3:57 | Rifleman |
| 5:05 | Rifleman |
| 5:05 | Rifleman |
| 5:22 | Bash |
| 6:10 | Castle |
| 6:16 | Arcane Sanctum |
| 7:04 | Rifleman |
| 7:34 | Priest |
| 7:34 | Priest |
| 7:35 | Priest |
| 7:39 | Barracks |
| 7:54 | Rifleman |
| 9:01 | Priest Adept Training |
| 9:05 | Farm |
| 9:34 | Divine Shield |
| 10:13 | Rifleman |
| 10:14 | Rifleman |
| 10:16 | Priest |
| 11:10 | Priest |
| 11:56 | Holy Light |
| 12:05 | Priest |
| 12:13 | Storm Bolt |
| 12:32 | Town Hall |
| 13:16 | Holy Light |
| 14:10 | Rifleman |
| 14:12 | Priest Master Training |
| 14:17 | Peasant |
| 14:17 | Peasant |
| 14:41 | Workshop |
| 14:43 | Long Rifles |
| 14:45 | Black Gunpowder |
| 14:46 | Studded Leather Armor |
| 14:55 | Priest |
| 14:59 | Rifleman |
| 15:08 | Farm |
| 16:27 | Mortar Team |
| 16:28 | Mortar Team |
| 16:32 | Farm |
| 16:33 | Priest |
| 16:38 | Peasant |
| 16:38 | Peasant |
| 16:38 | Peasant |
| 16:44 | Improved Lumber Harvesting |
| 16:45 | Improved Masonry |
| 16:47 | Reinforced Leather Armor |
| 16:48 | Refined Gunpowder |
| 16:50 | Rifleman |
| 17:28 | Priest |
| 17:33 | Farm |
| 17:42 | Fragmentation Shards |
| 18:18 | Bash |
| 18:30 | Farm |
| 19:35 | Divine Shield |
| 20:14 | Gryphon Aviary |
| 20:25 | Scout Tower |
| 20:29 | Advanced Masonry |
| 20:32 | Priest |
| 20:35 | Rifleman |
| 20:36 | Rifleman |
| 20:38 | Rifleman |
| 20:57 | Guard Tower |
| 20:59 | Scout Tower |
| 21:08 | Priest |
| 21:57 | Gryphon Rider |
| 21:59 | Animal War Training |
| 22:02 | Gryphon Aviary |
| 22:05 | Imbued Masonry |
| 22:06 | Cannon Tower |
| Right click | 474 |
| Select | 246 |
| Build/train/purchase | 81 |
| Select group | 51 |
| Use ability | 16 |
| Assign group | 12 |
| Remove unit | 2 |
| Minimap ping | 1 |
⇛